TOP OF THE 1ST |
St. Catharines Saints batting - Pitching for Manistique Night Train : LHP Arthur Tiller
|
Pitching: LHP Arthur Tiller
|
|
Batting: RHB Ken Cain
|
0-0: Bunt - Flyout to P! F1
|
Batting: LHB Jim Dunse
|
0-0: Ball 1-0: Foul Ball, location: 2F 1-1: Ball 2-1: Swinging Strike 2-2: Strikes out swinging
|
Batting: SHB Yves Moreno
|
0-0: Ground out 6-3 (Groundball, 56, EV 71.3 MPH)
|
Top of the 1st over - 0 runs, 0 hits, 0 errors, 0 left on base; St. Catharines 0 - Manistique 0 |
BOTTOM OF THE 1ST |
Manistique Night Train batting - Pitching for St. Catharines Saints : RHP Jonathan Riou
|
Pitching: RHP Jonathan Riou
|
|
Batting: RHB Luo-lang Petit
|
0-0: Ball 1-0: Ball 2-0: Called Strike 2-1: Foul Ball, location: 9LDF 2-2: Ball 3-2: SOLO HOME RUN (Flyball, 78XD, EV 108.8 MPH), Distance : 445 ft
|
Batting: RHB Sherman Forbes
|
0-0: Fly out, F7 (Line Drive, 7, EV 95.6 MPH)
|
Batting: RHB Adrian Kakos
|
0-0: Foul Ball, location: 25F 0-1: Ground out 5-3 (Groundball, 5S, EV 85.6 MPH)
|
Batting: RHB Dave Lane
|
0-0: Called Strike 0-1: Foul Ball, location: 23FF 0-2: Strikes out swinging
|
Bottom of the 1st over - 1 run, 1 hit, 0 errors, 0 left on base; St. Catharines 0 - Manistique 1 |
TOP OF THE 2ND |
St. Catharines Saints batting - Pitching for Manistique Night Train : LHP Arthur Tiller
|
Batting: RHB Jesús Meléndez
|
0-0: Ball 1-0: Called Strike 1-1: Ball 2-1: Ball 3-1: Base on Balls
|
Batting: LHB Roy Tyler
|
0-0: Foul Ball, location: 9LSF 0-1: Ball 1-1: Fly out, F7 (Flyball, 7, EV 94.4 MPH)
|
Batting: RHB Tim Ramsey
|
0-0: Called Strike 0-1: DOUBLE (Line Drive, 9LS, EV 107.5 MPH) Jesús Meléndez to third Runner from 3rd tries for Home, SAFE, throw by RF to trailing runner, SAFE at third!
|
Batting: RHB Bert Goddard
|
0-0: Ball 1-0: Ball 2-0: Called Strike 2-1: Ball 3-1: Foul Ball, location: 7LMF 3-2: Base on Balls
|
Batting: RHB Leon Strachan
|
0-0: Ball 1-0: Foul Ball, location: 2F 1-1: SINGLE (Flyball, 8RS, EV 96.9 MPH) Tim Ramsey scores Bert Goddard to second
|
Batting: RHB Jonathan Riou
|
0-0: Ball 1-0: Fly out, F8 (Line Drive, 8LM, EV 97.5 MPH)
|
Batting: RHB Ken Cain
|
0-0: Ball 1-0: Fly out, F7 (Line Drive, 7, EV 91.9 MPH)
|
Top of the 2nd over - 2 runs, 2 hits, 0 errors, 2 left on base; St. Catharines 2 - Manistique 1 |
BOTTOM OF THE 2ND |
Manistique Night Train batting - Pitching for St. Catharines Saints : RHP Jonathan Riou
|
Batting: LHB Garrett Zinck
|
0-0: Ball 1-0: Foul Ball, location: 2F 1-1: Swinging Strike 1-2: Foul Ball, location: 23F 1-2: Ball 2-2: Ball 3-2: Base on Balls
|
Batting: RHB Ramón Medina
|
0-0: Grounds into double play, 5-4-3 (Groundball, 56, EV 91.9 MPH)
|
Batting: SHB Jorge Martínez
|
0-0: Ball 1-0: Foul Ball, location: 23FF 1-1: Ball 2-1: Fly out, F9 (Line Drive, 9S, EV 94.4 MPH)
|
Bottom of the 2nd over - 0 runs, 0 hits, 0 errors, 0 left on base; St. Catharines 2 - Manistique 1 |
TOP OF THE 3RD |
St. Catharines Saints batting - Pitching for Manistique Night Train : LHP Arthur Tiller
|
Batting: LHB Jim Dunse
|
0-0: Ball 1-0: Foul Ball, location: 2F 1-1: Ball 2-1: Ball 3-1: Foul Ball, location: 23F 3-2: Base on Balls
|
Batting: SHB Yves Moreno
|
0-0: SINGLE (Groundball, 6MD, EV 102.5 MPH) Jim Dunse to second
|
Batting: RHB Jesús Meléndez
|
0-0: Foul Ball, location: 9LMF 0-1: Called Strike 0-2: Strikes out looking
|
Batting: LHB Roy Tyler
|
0-0: Swinging Strike 0-1: Swinging Strike 0-2: Fly out, F8 (Flyball, 8LD, EV 110.0 MPH)
|
Batting: RHB Tim Ramsey
|
0-0: Ball 1-0: Swinging Strike 1-1: Ball 2-1: Swinging Strike 2-2: Foul Ball, location: 2F 2-2: Ball 3-2: Strikes out swinging
|
Top of the 3rd over - 0 runs, 1 hit, 0 errors, 2 left on base; St. Catharines 2 - Manistique 1 |
BOTTOM OF THE 3RD |
Manistique Night Train batting - Pitching for St. Catharines Saints : RHP Jonathan Riou
|
Batting: RHB Noel Bennett
|
0-0: Ball 1-0: Ball 2-0: Ball 3-0: Called Strike 3-1: Base on Balls
|
Batting: RHB Arthur Tiller
|
0-0: Fly out, F8 (Line Drive, 8RD, EV 86.9 MPH)
|
Batting: RHB Luo-lang Petit
|
0-0: Called Strike 0-1: Swinging Strike 0-2: Ball 1-2: Ball 2-2: Ball 3-2: Ground out 4-3 (Groundball, 34, EV 99.4 MPH) Noel Bennett to second
|
Batting: RHB Sherman Forbes
|
0-0: Called Strike 0-1: Ball 1-1: Fly out, F8 (Flyball, 89M, EV 97.5 MPH)
|
Bottom of the 3rd over - 0 runs, 0 hits, 0 errors, 1 left on base; St. Catharines 2 - Manistique 1 |
TOP OF THE 4TH |
St. Catharines Saints batting - Pitching for Manistique Night Train : LHP Arthur Tiller
|
Batting: RHB Bert Goddard
|
0-0: Ball 1-0: Foul Ball, location: 5F 1-1: Ball 2-1: Foul Ball, location: 2F 2-2: Strikes out swinging
|
Batting: RHB Leon Strachan
|
0-0: Called Strike 0-1: Called Strike 0-2: Ball 1-2: Strikes out looking
|
Batting: RHB Jonathan Riou
|
0-0: Called Strike 0-1: Ground out 1-3 (Groundball, 15S, EV 62.5 MPH)
|
Top of the 4th over - 0 runs, 0 hits, 0 errors, 0 left on base; St. Catharines 2 - Manistique 1 |
BOTTOM OF THE 4TH |
Manistique Night Train batting - Pitching for St. Catharines Saints : RHP Jonathan Riou
|
Batting: RHB Adrian Kakos
|
0-0: Called Strike 0-1: Ball 1-1: Ground out 6-3 (Groundball, 6D, EV 81.3 MPH)
|
Batting: RHB Dave Lane
|
0-0: Ball 1-0: Foul Ball, location: 2F 1-1: Fly out, F8 (Line Drive, 8LM, EV 88.1 MPH)
|
Batting: LHB Garrett Zinck
|
0-0: Foul Ball, location: 7LDF 0-1: Called Strike 0-2: Ball 1-2: Foul Ball, location: 7LSF 1-2: Ball 2-2: Ball 3-2: Foul Ball, location: 2F 3-2: Strikes out swinging
|
Bottom of the 4th over - 0 runs, 0 hits, 0 errors, 0 left on base; St. Catharines 2 - Manistique 1 |
TOP OF THE 5TH |
St. Catharines Saints batting - Pitching for Manistique Night Train : LHP Arthur Tiller
|
Batting: RHB Ken Cain
|
0-0: Ground out 5-3 (Groundball, 56S, EV 90.6 MPH)
|
Batting: LHB Jim Dunse
|
0-0: Called Strike 0-1: Foul Ball, location: 2F 0-2: Fly out, F8 (Flyball, 8RM, EV 82.5 MPH)
|
Batting: SHB Yves Moreno
|
0-0: Called Strike 0-1: Ball 1-1: Swinging Strike 1-2: Ball 2-2: Foul Ball, location: 7LDF 2-2: SINGLE (Groundball, 4MD, EV 103.8 MPH)
|
Batting: RHB Jesús Meléndez
|
0-0: Ground out 1-3 (Groundball, P, EV 64.4 MPH)
|
Top of the 5th over - 0 runs, 1 hit, 0 errors, 1 left on base; St. Catharines 2 - Manistique 1 |
BOTTOM OF THE 5TH |
Manistique Night Train batting - Pitching for St. Catharines Saints : RHP Jonathan Riou
|
Batting: RHB Ramón Medina
|
0-0: Foul Ball, location: 2F 0-1: Foul Ball, location: 2F 0-2: Fly out, F3 (Popup, 3L, EV 83.8 MPH)
|
Batting: SHB Jorge Martínez
|
0-0: Called Strike 0-1: DOUBLE (Flyball, 8RXD, EV 108.1 MPH)
|
Batting: RHB Noel Bennett
|
0-0: Foul Ball, location: 9LMF 0-1: Called Strike 0-2: Strikes out looking
|
Pinch Hitting: RHB Ray Peper
|
0-0: Ground out 4-3 (Groundball, 4, EV 85.0 MPH)
|
Bottom of the 5th over - 0 runs, 1 hit, 0 errors, 1 left on base; St. Catharines 2 - Manistique 1 |
TOP OF THE 6TH |
St. Catharines Saints batting - Pitching for Manistique Night Train : LHP Arthur Tiller
|
Pitching: RHP Philippe Masson
|
|
Batting: LHB Roy Tyler
|
0-0: Ball 1-0: Fly out, F7 (Flyball, 7D, EV 81.3 MPH)
|
Batting: RHB Tim Ramsey
|
0-0: Called Strike 0-1: Ball 1-1: Called Strike 1-2: Strikes out swinging
|
Batting: RHB Bert Goddard
|
0-0: Ball 1-0: Called Strike 1-1: Ball 2-1: Ground out 5-3 (Groundball, 56, EV 88.1 MPH)
|
Top of the 6th over - 0 runs, 0 hits, 0 errors, 0 left on base; St. Catharines 2 - Manistique 1 |
BOTTOM OF THE 6TH |
Manistique Night Train batting - Pitching for St. Catharines Saints : RHP Jonathan Riou
|
Batting: RHB Luo-lang Petit
|
0-0: Called Strike 0-1: Ball 1-1: SINGLE (Groundball, 3S, EV 69.4 MPH) (infield hit)
|
Batting: RHB Sherman Forbes
|
0-0: Ball 1-0: Swinging Strike 1-1: Called Strike 1-2: Ball 2-2: Foul Ball, location: 2F 2-2: Strikes out swinging
|
Batting: RHB Adrian Kakos
|
0-0: Ball 1-0: Called Strike 1-1: Foul Ball, location: 5FF 1-2: Strikes out looking
|
Batting: RHB Dave Lane
|
0-0: Swinging Strike 0-1: Ground out 4-3 (Groundball, 4, EV 82.5 MPH)
|
Bottom of the 6th over - 0 runs, 1 hit, 0 errors, 1 left on base; St. Catharines 2 - Manistique 1 |
TOP OF THE 7TH |
St. Catharines Saints batting - Pitching for Manistique Night Train : RHP Philippe Masson
|
Batting: RHB Leon Strachan
|
0-0: Called Strike 0-1: Swinging Strike 0-2: Strikes out swinging
|
Batting: RHB Jonathan Riou
|
0-0: Foul Ball, location: 2F 0-1: SINGLE (Line Drive, 3D, EV 94.4 MPH)
|
Batting: RHB Ken Cain
|
0-0: Called Strike 0-1: Ball 1-1: Called Strike 1-2: Foul Ball, location: 5F 1-2: Ball 2-2: Ground out 5-3 (Groundball, 56S, EV 68.1 MPH) Jonathan Riou to second
|
Batting: LHB Jim Dunse
|
0-0: Ball 1-0: Ball 2-0: Ball 3-0: Base on Balls
|
Batting: SHB Yves Moreno
|
0-0: Ball 1-0: Foul Ball, location: 23FF 1-1: Ground out 4-3 (Groundball, 34, EV 86.9 MPH)
|
Top of the 7th over - 0 runs, 1 hit, 0 errors, 2 left on base; St. Catharines 2 - Manistique 1 |
BOTTOM OF THE 7TH |
Manistique Night Train batting - Pitching for St. Catharines Saints : RHP Jonathan Riou
|
Batting: LHB Garrett Zinck
|
0-0: Ground out 5-3 (Groundball, 56, EV 107.5 MPH)
|
Batting: RHB Ramón Medina
|
0-0: Called Strike 0-1: Foul Ball, location: 5F 0-2: Ball 1-2: Foul Ball, location: 9LSF 1-2: Fly out, F9 (Flyball, 89M, EV 89.4 MPH)
|
Batting: SHB Jorge Martínez
|
0-0: Swinging Strike 0-1: Foul Ball, location: 23FF 0-2: Foul Ball, location: 2F 0-2: Foul Ball, location: 9LMFF 0-2: Ball 1-2: Ball 2-2: Foul Ball, location: 9LMF 2-2: Foul Ball, location: 2F 2-2: Strikes out looking
|
Bottom of the 7th over - 0 runs, 0 hits, 0 errors, 0 left on base; St. Catharines 2 - Manistique 1 |
TOP OF THE 8TH |
St. Catharines Saints batting - Pitching for Manistique Night Train : RHP Philippe Masson
|
Batting: RHB Jesús Meléndez
|
0-0: Called Strike 0-1: Foul Ball, location: 9LSF 0-2: Ball 1-2: Ball 2-2: Ground out U3 (Groundball, 34, EV 103.8 MPH)
|
Batting: LHB Roy Tyler
|
0-0: Foul Ball, location: 2F 0-1: Called Strike 0-2: Ball 1-2: Strikes out looking
|
Batting: RHB Tim Ramsey
|
0-0: Ball 1-0: Ball 2-0: Called Strike 2-1: Swinging Strike 2-2: Strikes out swinging
|
Top of the 8th over - 0 runs, 0 hits, 0 errors, 0 left on base; St. Catharines 2 - Manistique 1 |
BOTTOM OF THE 8TH |
Manistique Night Train batting - Pitching for St. Catharines Saints : RHP Jonathan Riou
|
Batting: RHB Noel Bennett
|
0-0: Foul Ball, location: 2F 0-1: Called Strike 0-2: Fly out, F4 (Popup, 4MD, EV 47.5 MPH)
|
Pinch Hitting: LHB Jerry Saslove
|
0-0: Fly out, F7 (Flyball, 7, EV 93.1 MPH)
|
Batting: RHB Luo-lang Petit
|
0-0: Ball 1-0: SOLO HOME RUN (Flyball, 9D, EV 98.1 MPH), Distance : 383 ft
|
Batting: RHB Sherman Forbes
|
0-0: Called Strike 0-1: Ball 1-1: Fly out, F9 (Flyball, 9D, EV 110.6 MPH)
|
Bottom of the 8th over - 1 run, 1 hit, 0 errors, 0 left on base; St. Catharines 2 - Manistique 2 |
TOP OF THE 9TH |
St. Catharines Saints batting - Pitching for Manistique Night Train : RHP Philippe Masson
|
Pitching: RHP Juan Santos
|
|
Pinch Hitting: LHB Quentin Helmer
|
0-0: Ball 1-0: Ball 2-0: Ball 3-0: Base on Balls
|
Batting: RHB Leon Strachan
|
0-0: Bunted foul 0-1: Bunted foul 0-2: Foul Ball, location: 5SF 0-2: Hit by Pitch Quentin Helmer to second
|
Pinch Hitting: RHB Len Robinson
|
0-0: Called Strike 0-1: Called Strike 0-2: Foul Ball, location: 23FF 0-2: Ball 1-2: Ball 2-2: Fielders Choice at 2nd, 6-4 (Groundball, 6, EV 85.6 MPH) Quentin Helmer to third
|
Batting: RHB Ken Cain
|
0-0: Called Strike 0-1: Foul Ball, location: 5F 0-2: Ball 1-2: Ball 2-2: SINGLE (Line Drive, 8LS, EV 102.5 MPH) Quentin Helmer scores Len Robinson to second
|
Pinch Hitting: RHB Prímio Lebrim
|
0-0: Ball 1-0: Called Strike 1-1: Fly out, F6 (Line Drive, 6, EV 70.0 MPH)
|
Batting: SHB Yves Moreno
|
0-0: Swinging Strike 0-1: Foul Ball, location: 5F 0-2: Ball 1-2: Ball 2-2: Foul Ball, location: 5F 2-2: Strikes out swinging
|
Top of the 9th over - 1 run, 1 hit, 0 errors, 2 left on base; St. Catharines 3 - Manistique 2 |
BOTTOM OF THE 9TH |
Manistique Night Train batting - Pitching for St. Catharines Saints : RHP Jonathan Riou
|
Pitching: RHP Rudy Fenton
|
|
Now at 2B: Nelson Ridenhour
|
|
Now in CF: Larry Walls
|
|
Batting: RHB Adrian Kakos
|
0-0: Foul Ball, location: 25FF 0-1: SINGLE (Line Drive, 9S, EV 97.5 MPH)
|
Batting: RHB Dave Lane
|
0-0: Ball 1-0: Ball 2-0: Foul Ball, location: 2F 2-1: Foul Ball, location: 9LSFF 2-2: Ball 3-2: Base on Balls Adrian Kakos to second
|
Batting: LHB Garrett Zinck
|
0-0: Called Strike 0-1: Ball 1-1: Grounds into double play, 6-4-3 (Groundball, 6, EV 104.4 MPH) Adrian Kakos to third
|
Batting: RHB Ramón Medina
|
0-0: Ball 1-0: Ground out 6-3 (Groundball, 6, EV 103.8 MPH)
|
Bottom of the 9th over - 0 runs, 1 hit, 0 errors, 1 left on base; St. Catharines 3 - Manistique 2 |
|